 Dungeon Sprint DCSS version 0.28-a0-1395-g4f6bc678fa (webtiles) character file.

Game seed: 5791454927531616395

5348 rocky1 the Earth Mage (level 10, -8/102 HPs)
             Began as a Gargoyle Earth Elementalist on Jan 5, 2022.
             Was a High Priest of Sif Muna.
             Mangled by a ghost moth (10 damage)
             ... in the Dungeon (Sprint VII: "The Pits").
             The game lasted 00:12:31 (2243 turns).

rocky1 the Earth Mage (Gargoyle Earth Elementalist) Turns: 2243, Time: 00:12:31

Health: -8/102     AC: 12    Str: 10 (11) XL:     10   Next: 65%
Magic:  1/25       EV: 12    Int: 16 (21) God:    Sif Muna [*****.]
Gold:   0          SH:  0    Dex:  9 (10) Spells: 18/31 levels left

rFire   . . .      SeeInvis .   o - +2 morningstar (flame)
rCold   . . .      Faith    .   (no shield)
rNeg    + . .      Spirit   .   v - +0 troll leather armour
rPois   ∞          Reflect  .   (no helmet)
rElec   +          Harm     .   (no cloak)
rCorr   .          Rampage  .   (no gloves)
Will    .....      NoTele   +   u - +0 pair of boots
Stlth   ..........              (no amulet)
HPRegen 1.07/turn               (no ring)
MPRegen 0.19/turn               (no ring)

@: berserking, very quick
A: sickness immunity, AC +7, negative energy resistance 1, electricity
resistance, torment resistance 1, petrification resistance
a: Renounce Religion, Channel Magic, Forget Spell, Divine Exegesis


You were in the Dungeon.
You worshipped Sif Muna.
Sif Muna was extremely pleased with you.
You visited 1 branch

Inventory:

Hand Weapons
 l - a +2 mace
 n - a +2 vorpal flail
 o - a +2 morningstar of flaming (weapon)
Missiles
 d - 7 poisoned darts
 i - 18 stones
Armour
 b - a +0 robe
 u - a +0 pair of boots (worn)
 v - a +0 troll leather armour (worn)
Jewellery
 p - a +3 ring of intelligence
 q - a +3 ring of intelligence
Scrolls
 h - a scroll of blinking
 j - 5 scrolls of amnesia
 k - a scroll of summoning
Potions
 a - 2 potions of invisibility
 c - 10 potions of curing
 e - 2 potions of haste
 f - a potion of magic
 g - a potion of berserk rage
 m - 4 potions of heal wounds
 r - a potion of brilliance
 s - a potion of resistance
 t - 2 potions of mutation


   Skills:
 + Level 10.8 Fighting
 - Level 4.9 Maces & Flails
 - Level 4.4 Dodging
 - Level 2.1 Stealth
 + Level 11.2 Spellcasting
 - Level 6.2 Conjurations
 - Level 6.3 Transmutations
 + Level 17.3 Earth Magic
 - Level 6.5 Invocations


You had 18 spell levels left.
You knew the following spells:

 Your Spells              Type           Power      Damage    Failure   Level
a - Sandblast             Erth           100%       2d20      0%          1
b - Stone Arrow           Conj/Erth      92%        3d12      1%          3
c - Lee's Rapid Deconstr  Erth           29%        3d16*     1%          5
d - Petrify               Tmut/Erth      46%        N/A       1%          4

Your spell library contained the following spells:

 Spells                   Type           Power      Damage    Failure   Level
 Passwall                 Tmut/Erth      38%        N/A       1%          2
 Wereblood                Tmut           29%        N/A       1%          2
 Animate Armour           Summ/Erth      72%        N/A       3%          4
 Leda's Liquefaction      Hex/Erth       18%        N/A       3%          4
 Iron Shot                Conj/Erth      23%        9d5       13%         6
 Blade Hands              Tmut           14%        N/A       22%         5
 Fulminant Prism          Conj/Hex       9%         3d7       30%         4
 Hailstorm                Conj/Ice       18%        3d6       30%         4
 Ice Form                 Ice/Tmut       19%        N/A       30%         4
 Sticky Flame             Conj/Fire      18%        2d4       30%         4
 Yara's Violent Unravell  Hex/Tmut       9%         3d6       63%         5
 Dispel Undead            Necr           8%         3d8       73%         4
 Olgreb's Toxic Radiance  Pois           8%         N/A       73%         4
 Eringya's Noxious Bog    Tmut/Pois      9%         N/A       99%         6


Dungeon Overview and Level Annotations

Branches:
Dungeon (1/1)

Altars:
Ashenzari
Cheibriados
Dithmenos
Elyvilon
Fedhas
Gozag
Hepliaklqana
Kikubaaqudgha
Makhleb
Nemelex Xobeh
Okawaru
Qazlal
Ru
Sif Muna
Trog
Uskayaw
Vehumet
Wu Jian
Xom
Yredelemnul
Zin
The Shining One
Beogh
Jiyva
Lugonu


Innate Abilities, Weirdness & Mutations

You are immune to sickness and miasma.
Your stone body is resilient. (AC +7)
You are immune to poison.
You resist negative energy. (rN+)
You are resistant to electric shocks. (rElec)
You are resistant to unholy torment.
You are immune to petrification.


Message History

* * * LOW HITPOINT WARNING * * *
You feel you are being watched by something.
You feel your power leaking away. Something hits you but does no damage.
Something hits you.
* * * LOW HITPOINT WARNING * * *
Something stings you.
* * * LOW HITPOINT WARNING * * *
You feel much better.
Something hits you but does no damage. x2
Something stings you.
You feel dopey.
Unknown command.
A red film seems to cover your vision as you go berserk!
You feel yourself moving faster!
You feel mighty! Something hits you.
You feel dopey. Something hits you but does no damage.
Something stings you but does no damage.
You barely miss something. Something hits you!
Something hits you but does no damage. Something stings you!
You closely miss something.
You feel you are being watched by something.
Something hits you!
You feel dopey. Something hits you!
* * * LOW HITPOINT WARNING * * *
Something completely misses you.
You bludgeon something!! You burn something! Something hits you.
* * * LOW HITPOINT WARNING * * *
Something hits you.
* * * LOW HITPOINT WARNING * * *
You feel dopey. Something stings you!
* * * LOW HITPOINT WARNING * * *
You feel dopey.
You completely miss something. Something hits you.
* * * LOW HITPOINT WARNING * * *
You feel weakened. Something hits you.
* * * LOW HITPOINT WARNING * * *
Something stings you!
You die...

....##..##.....†........
<...##..####...#+######.
....##..#..#####)## +##
....##..#....##...# ..#
....##..'÷....#...# ..#
######..'.....'...+ W.+
######..'.....#...# ..#
..[.##..#....##...# ..#
..[[##..#..#####@## ##'##
..))##..####..)#{######.).#
..))##..##.............†#.5#
..))##..#..............##
..# ########################
##


There were no monsters in sight!

Vanquished Creatures
  A shadow wraith (D)
  A deep troll (D)
  A flayed ghost (D)
  A swamp dragon (D)
  A cane toad (D)
  2 gargoyles (D)
  A kobold demonologist (D)
  An orange demon (D)
  An ice devil (D)
  A snapping turtle (D)
  A spriggan (D)
  Sigmund (D)
  A fire bat (D)
  A basilisk (D)
  A redback (D)
  A water moccasin (D)
  2 swamp drakes (D)
  An orc warrior (D)
  A black bear (D)
  A wolf (D)
  A kobold brigand (D)
  A quasit (D)
  A gnoll shaman (D)
  A mummy (D)
  4 gnolls (D)
  2 ufetubi (D)
  An adder skeleton (D)
  3 orcs (D)
  A bat skeleton (D)
  An endoplasm (D)
  2 giant cockroaches (D)
  A goblin (D)
  A bat (D)
  2 frilled lizards (D)
  A rat (D)
45 creatures vanquished.

Notes
Turn   | Place    | Note
-------+----------+-------------------------------------------
     0 | D        | rocky1 the Gargoyle Earth Elementalist began the quest for
                  | the Orb.
     0 | D        | Reached XP level 1. HP: 10/10 MP: 3/3
    22 | D        | Reached skill level 4 in Earth Magic
    55 | D        | Found a bloodstained altar of Trog.
    55 | D        | Found a shimmering blue altar of Sif Muna.
    55 | D        | Found a viscous altar of Jiyva.
    55 | D        | Found a hazy altar of Hepliaklqana.
    55 | D        | Found an opulent altar of Gozag.
    56 | D        | Found a glowing golden altar of the Shining One.
    56 | D        | Found a glowing silver altar of Zin.
    56 | D        | Found a basalt altar of Yredelemnul.
    56 | D        | Found a shimmering altar of Xom.
    56 | D        | Found an ornate altar of the Wu Jian Council.
    56 | D        | Found a sacrificial altar of Ru.
    56 | D        | Found a stormy altar of Qazlal.
    56 | D        | Found an iron altar of Okawaru.
    56 | D        | Found a sparkling altar of Nemelex Xobeh.
    56 | D        | Found a burning altar of Makhleb.
    56 | D        | Found a blossoming altar of Fedhas.
    56 | D        | Found a white marble altar of Elyvilon.
    56 | D        | Found a shadowy altar of Dithmenos.
    56 | D        | Found a snail-covered altar of Cheibriados.
    59 | D        | Found a corrupted altar of Lugonu.
    59 | D        | Found a radiant altar of Vehumet.
    60 | D        | Found an ancient bone altar of Kikubaaqudgha.
    60 | D        | Found a hide-covered altar of Uskayaw.
    60 | D        | Found a broken altar of Ashenzari.
    61 | D        | Became a worshipper of Sif Muna the Loreminder
   111 | D        | Reached skill level 5 in Earth Magic
   113 | D        | Reached skill level 6 in Earth Magic
   113 | D        | Reached XP level 2. HP: 14/15 MP: 1/5
   164 | D        | Reached * piety under Sif Muna
   176 | D        | Noticed a kobold brigand
   186 | D        | Reached ** piety under Sif Muna
   198 | D        | Killed a kobold brigand
   199 | D        | Reached skill level 10 in Earth Magic
   199 | D        | Reached XP level 3. HP: 17/19 MP: 4/6
   199 | D        | Reached XP level 4. HP: 21/24 MP: 4/7
   366 | D        | Noticed a water moccasin
   366 | D        | Noticed a black bear
   367 | D        | Noticed a wolf
   379 | D        | Reached *** piety under Sif Muna
   380 | D        | Reached skill level 1 in Fighting
   380 | D        | Reached skill level 1 in Maces & Flails
   380 | D        | Reached skill level 1 in Transmutations
   380 | D        | Reached skill level 11 in Earth Magic
   380 | D        | Reached skill level 1 in Invocations
   380 | D        | Reached XP level 5. HP: 15/29 MP: 3/8
   380 | D        | Killed a water moccasin
   381 | D        | HP: 1/32 [wolf (6)]
   384 | D        | Killed a wolf
   385 | D        | Reached XP level 6. HP: 36/37 MP: 11/11
   387 | D        | Reached **** piety under Sif Muna
   389 | D        | Killed a black bear
   390 | D        | Reached skill level 12 in Earth Magic
   392 | D        | Reached XP level 7. HP: 34/44 MP: 7/13
   644 | D        | Noticed Sigmund
   646 | D        | Killed Sigmund
   647 | D        | Reached skill level 5 in Fighting
   647 | D        | Reached skill level 5 in Invocations
   770 | D        | Noticed a gargoyle
   782 | D        | Learned a level 3 spell: Stone Arrow
   794 | D        | Killed a gargoyle
   795 | D        | Reached skill level 5 in Spellcasting
   795 | D        | Reached XP level 8. HP: 37/49 MP: 14/16
   937 | D        | Reached ***** piety under Sif Muna
   937 | D        | Received a gift from Sif Muna
   947 | D        | Got Sif Muna's Almanac of the Harmful Mountains {god gift}
   955 | D        | Learned a level 5 spell: Lee's Rapid Deconstruction
   960 | D        | Learned a level 4 spell: Petrify
  1180 | D        | Noticed a cane toad
  1180 | D        | Noticed a swamp dragon
  1185 | D        | Killed a cane toad
  1186 | D        | Reached skill level 5 in Transmutations
  1186 | D        | Reached skill level 13 in Earth Magic
  1187 | D        | Killed a swamp dragon
  1188 | D        | Reached XP level 9. HP: 46/54 MP: 1/19
  1474 | D        | Reached skill level 14 in Earth Magic
  1627 | D        | Noticed an eye of devastation
  1627 | D        | Noticed a death yak
  1663 | D        | Noticed an ice devil
  1664 | D        | Received a gift from Sif Muna
  1665 | D        | Got Sif Muna's Grimoire of Transformation and Enchantment
                  | {god gift}
  1669 | D        | Killed an ice devil
  1776 | D        | Noticed an orange demon
  1781 | D        | Reached skill level 15 in Earth Magic
  1781 | D        | Killed an orange demon
  1782 | D        | Killed a shadow wraith
  1783 | D        | Reached XP level 10. HP: 60/65 MP: 11/23
  1785 | D        | Reached skill level 16 in Earth Magic
  1917 | D        | Noticed a gargoyle
  1918 | D        | Noticed a flayed ghost
  1918 | D        | Noticed a deep troll
  1925 | D        | Killed a gargoyle
  1925 | D        | Received a gift from Sif Muna
  1925 | D        | Killed a deep troll
  1925 | D        | Killed a flayed ghost
  1926 | D        | Reached skill level 10 in Fighting
  1926 | D        | Reached skill level 10 in Spellcasting
  1926 | D        | Reached skill level 17 in Earth Magic
  1931 | D        | Got Sif Muna's Foundations of Theurgy {god gift}
  2221 | D        | Noticed a kobold demonologist
  2227 | D        | Killed a kobold demonologist
  2243 | D        | HP: 2/102 [something (5)]
  2243 | D        | Mangled by a ghost moth

Illustrated notes

Levels and vault maps discovered:
D:        pitsprint [storerooms_1, entrance_room_1, metal_vault_1, armoury_2,
          mini_pit_1, grid_room_1, main_hall_1, silver_pit, the_coven_3,
          the_vestibule_1, steel_vault_5, golden_pit, hallway_of_sentries,
          crystal_vault_4, iron_vault_2, final_vault]

Skill      XL: |  1  2  3  4  5  6  7  8  9 10 |
---------------+-------------------------------+-----
Earth Magic    | 6 10 11 12 13 15 17 | 17.3
Fighting       | 1 3 4 5 8 10 | 10.8
Maces & Flails | 1 3 4 |  4.9
Dodging        | 2 3 4 |  4.4
Transmutations | 1 2 3 4 6 |  6.3
Invocations    | 1 3 4 6 |  6.5
Spellcasting   | 3 4 5 7 9 11 | 11.2
Conjurations   | 3 6 |  6.2
Stealth        | |  2.1

Action                   |  1- 3 |  4- 6 |  7- 9 | 10-12 || total
-------------------------+-------+-------+-------+-------++-------
Melee: Unarmed           |     7 |       |       |       ||     7
       Mace              |    12 |       |       |       ||    12
       Flail             |       |     4 |    12 |       ||    16
       Morningstar       |       |       |    16 |     7 ||    23
 Cast: Sandblast         |     8 |    11 |     3 |       ||    22
       Lee's Rapid Decon |       |       |     9 |    11 ||    20
       Stone Arrow       |       |       |     1 |       ||     1
Invok: Channel Magic     |       |       |       |     2 ||     2
  Use: Potion            |     2 |     2 |     1 |     4 ||     9
 Stab: Sleeping          |     1 |       |       |       ||     1
Armor: Robe              |    15 |     5 |     8 |     4 ||    32
       Troll leather arm |       |       |       |    10 ||    10
Dodge: Dodged            |    26 |     5 |    16 |    11 ||    58

Table legend: (Time is in decaauts)
 A = Elapsed time spent in this place.
 B = Non-inter-level travel time spent in this place.
 C = Inter-level travel time spent in this place.
 D = Time resting spent in this place.
 E = Time spent auto-exploring this place.
 F = Levels seen in this place.
 G = Mean time per level.
                   A        B        C        D        E       F      G
               +--------+--------+--------+--------+--------+-----+--------+
         Total |   2266 |   2206 |     60 |   1591 |      0 |   1 | 2266.0 |
       Dungeon |   2266 |   2206 |     60 |   1591 |      0 |   1 | 2266.0 |
               +--------+--------+--------+--------+--------+-----+--------+

Top non-repeatable levels by time:
       D: 2266 daAuts
